 Dungeon Crawl Stone Soup version 0.30-a0-269-gf0224bf7b6 (webtiles) character file.

Game seed: 6068840076079041186

33833 chippings the Dancer (level 13, -6/104 HPs)
             Began as a Merfolk Gladiator on Oct 14, 2022.
             Was a High Priest of Uskayaw.
             Mangled by Sonja
             ... wielding a +1 dagger of distortion
              (20 damage)
             ... on level 4 of the Lair of Beasts.
             The game lasted 00:32:28 (13555 turns).

chippings the Dancer (Merfolk Gladiator)           Turns: 13555, Time: 00:32:29

Health: -6/104     AC: 20    Str: 15    XL:     13   Next: 73%
Magic:  24/24      EV: 17    Int:  8    God:    Uskayaw [*****.]
Gold:   1093       SH: 12    Dex: 19    Spells: 12/12 levels left

rFire   . . .      SeeInvis .    d - +4 double sword (protect)
rCold   . . .      Faith    .    E - +0 buckler
rNeg    + + .      Spirit   .    l - +4 scale mail of Yggut {-Cast rN++ Will+}
rPois   .          Reflect  +    c - +1 helmet
rElec   .          Harm     .    (no cloak)
rCorr   .          Rampage  .    K - +0 pair of gloves
Will    ++...      NoCast   +    (no boots)
Stlth   ++........               D - amulet of reflection
HPRegen 0.37/turn                J - ring of willpower
MPRegen 0.19/turn                M - +4 ring of evasion

@: under a protective aura
A: (nimble swimmer 2), mertail
a: Renounce Religion, Stomp, Line Pass, Grand Finale


You were on level 4 of the Lair of Beasts.
You worshipped Uskayaw.
Uskayaw was pleased with you.
You visited 3 branches of the dungeon, and saw 15 of its levels.

You collected 1264 gold pieces.
You spent 171 gold pieces at shops.

Inventory:

Hand Weapons
 a - a +0 arbalest
 d - a +4 double sword of protection (weapon)
 e - a +7 scimitar of electrocution
 f - a +0 scimitar of flaming
Missiles
 h - 7 poisoned darts (quivered)
 z - 3 throwing nets
 A - 6 javelins
Armour
 c - a +1 helmet (worn)
 l - the +4 scale mail of Yggut (worn) {-Cast rN++ Will+}
   (You bought it in a shop on level 6 of the Dungeon)

   rN:        It greatly protects you from negative energy.
   -Cast:     It prevents spellcasting.
   Will:      It increases your willpower.
 E - a +0 buckler (worn)
 K - a +0 pair of gloves (worn)
Jewellery
 i - a ring of protection from cold
 j - the ring "Teorau" {rElec rC- rN+ rCorr Str+4}
   (You found it on level 2 of the Dungeon)

   [ring of positive energy]

   Str:       It affects your strength (+4).
   rC:        It makes you vulnerable to cold.
   rElec:     It insulates you from electricity.
   rN:        It protects you from negative energy.
   rCorr:     It protects you from acid and corrosion.
 D - an amulet of reflection (around neck)
 J - a ring of willpower (left hand)
 L - a ring of protection from fire
 M - a +4 ring of evasion (right hand)
 N - a ring of see invisible
Wands
 r - a wand of digging (14)
 x - a wand of flame (40)
 C - a wand of mindburst (19)
 F - a wand of quicksilver (11)
 H - a wand of iceblast (8)
Scrolls
 g - 3 scrolls of blinking
 k - 3 scrolls of poison
 m - 7 scrolls of identify
 s - 7 scrolls of teleportation
 t - 3 scrolls of torment
 v - 3 scrolls of magic mapping
 y - a scroll of immolation
 G - 2 scrolls of vulnerability
Potions
 b - 4 potions of flight
 n - a potion of lignification
 o - 4 potions of haste
 p - 3 potions of might
 q - 5 potions of curing
 u - 3 potions of magic
 w - 4 potions of mutation


   Skills:
 + Level 10.4 Fighting
 + Level 12.2 Long Blades
 - Level 6.0 Throwing
 - Level 8.0 Dodging
 - Level 6.0 Stealth
 - Level 8.0 Shields
 + Level 15.8 Invocations


You had 12 spell levels left.
You didn't know any spells.
Your spell library contained the following spells:

 Spells                   Type           Power      Damage    Failure   Level
 Summon Small Mammal      Summ           0%         N/A       92%         1
 Ensorcelled Hibernation  Hex/Ice        0%         N/A       98%         2
 Call Canine Familiar     Summ           0%         N/A       100%        3
 Spider Form              Tmut/Pois      0%         N/A       100%        3
 Summon Guardian Golem    Hex/Summ       0%         N/A       100%        3
 Anguish                  Hex/Necr       0%         N/A       100%        4


Dungeon Overview and Level Annotations

Branches:
Dungeon (10/15)            Temple (0/1) D:6            Lair (4/5) D:8
 Shoals (0/4) Lair:2       Spider (1/4) Lair:3
  Slime: Lair:4-5       Orc: D:9-12

Altars:
Fedhas
Gozag
Kikubaaqudgha
Qazlal
Ru
Trog
Uskayaw

Shops:
D:6 [   D:8 =

Annotations:
D:2 Sigmund
D:6 1 runed translucent door, brknglss's ghost, novice DjFE
D:9 2 transporters, 1 runed translucent door, SirDiesAlot's ghost, journeyman TeAE
Lair:4 Sonja


Innate Abilities, Weirdness & Mutations

((You are very nimble when in or above water. (Stealth+, EV+, Speed+++)))
Your lower body shifts to a powerful aquatic tail in water.


Message History

Unknown command.
Throw: 9 darts (poison)
Press: ? - help, Q - select action, (/) - cycle Shift-Dir - straight line, f/p - Sonja
Aim: Sonja, wielding a +1 dagger of distortion and quivering curare-tipped darts (30% to hit)
You throw a poisoned dart. The poisoned dart closely misses Sonja.
Sonja throws a curare-tipped dart.
You reflect the curare-tipped dart off an invisible shield around you!
The curare-tipped dart completely misses Sonja.
Throw: 8 darts (poison)
Press: ? - help, Q - select action, (/) - cycle Shift-Dir - straight line, f/p - Sonja
Aim: Sonja, wielding a +1 dagger of distortion and quivering curare-tipped darts (30% to hit)
You throw a poisoned dart. The poisoned dart hits Sonja.
Sonja is poisoned.
The basilisk hisses menacingly.
The basilisk gazes at you. You resist with almost no effort.
Sonja gestures wildly while chanting.
Sonja blinks!
Unknown command.
Sonja shouts, "Too slow!"
Unknown command.
You slash the basilisk!
Your weapon exudes an aura of protection.
The basilisk is moderately wounded.
The basilisk barely misses you.
You slice the basilisk!!
You kill the basilisk!
Sonja throws a curare-tipped dart.
You reflect the curare-tipped dart off an invisible shield around you!
The curare-tipped dart hits Sonja.
Sonja looks even sicker.
Sonja convulses.
Sonja seems to slow down.
Sonja hits you but does no damage. Space warps horribly around you!
Sonja hits you but does no damage. Space warps horribly around you!
Sonja hits you but does no damage. Space warps horribly around you!!
* * * LOW HITPOINT WARNING * * *
You see here a basilisk corpse.
You closely miss Sonja.
Sonja is moderately wounded.
Sonja closely misses you. You block Sonja's attack.
Sonja hits you but does no damage. Space warps horribly around you!!
You die...

#...#...##.....##.....
##..P....#.....# .... ##
##...............# .P# #.#
#...#............PP ..#
#.##..##..##.#.......#....
##......†.##...........
#.......†.#..>.........
#......................
#.............@..#.....
#.##........(.K........ .
##..................
#...((.............
#....#(.............
..#..#.($............
#.....#...?..........
.........##........
P......... ....


You could see Sonja (very poisoned, slow).

Vanquished Creatures
  Kirke (Lair:3)
  A hydra (Lair:3)
  Erica (D:8)
  4 death yaks (Lair:3)
  A sixfirhy (D:10)
  Pikel (D:8)
  An ugly thing (D:9)
  25 elephants
  2 merfolk sirens (Lair:2)
  A black mamba (Lair:1)
  Joseph (D:8)
  6 cane toads
  Maggie (D:9)
  8 komodo dragons
  A rime drake (Lair:3)
  An ice devil (D:9)
  A merfolk (Lair:2)
  A polar bear (Lair:2)
  10 blink frogs
  2 hornets
  4 culicivoras (Lair:3)
  2 wyverns
  22 yaks
  3 hogs (Lair:3)
  3 basilisks
  A steam dragon (Lair:1)
  6 water moccasins
  An orc warrior (D:9)
  2 ice beasts
  3 sky beasts
  5 black bears
  17 wolves
  An ogre (D:5)
  4 centaurs
  A phantom (D:6)
  10 bullfrogs
  5 scorpions
  2 necrophages
  8 wights (D:8)
  2 killer bees (D:6)
  3 howler monkeys
  An electric eel (Lair:2)
  A quasit (D:10)
  7 hounds
  4 jellies
  5 orc priests
  6 iguanas
  7 orc wizards
  7 gnolls
  9 adders
  A white imp (D:6)
  4 worms
  3 dart slugs
  16 orcs
  4 ball pythons
  3 endoplasms
  4 giant cockroaches
  7 goblins
  11 hobgoblins
  2 jackals (D:1)
  7 kobolds
  3 quokkas
  6 bats
  A frilled lizard (D:1)
  10 rats
304 creatures vanquished.

Vanquished Creatures (others)
  A human (D:8)
  A hobgoblin (D:2)
  2 demonic plants (D:10)
  8 fungi
  8 plants
20 creatures vanquished.

Grand Total: 324 creatures vanquished

Notes
Turn   | Place    | Note
-------+----------+-------------------------------------------
     0 | D:1      | chippings the Merfolk Gladiator began the quest for the
                  | Orb.
     0 | D:1      | Reached XP level 1. HP: 16/16 MP: 1/1
    99 | D:1      | Reached XP level 2. HP: 23/23 MP: 2/2
   445 | D:1      | Reached XP level 3. HP: 16/28 MP: 3/3
   971 | D:2      | Noticed Sigmund
  1170 | D:2      | Identified the ring "Teorau" {rElec rC- rN+ rCorr Str+4}
  1229 | D:2      | Reached skill level 1 in Stealth
  1341 | D:3      | Reached XP level 4. HP: 35/35 MP: 4/4
  1681 | D:3      | Reached skill level 5 in Long Blades
  1681 | D:3      | Reached XP level 5. HP: 24/42 MP: 5/5
  1961 | D:3      | Noticed a moth of wrath
  1964 | D:3      | Found a bloodstained altar of Trog.
  2546 | D:4      | Reached XP level 6. HP: 42/49 MP: 6/6
  2724 | D:4      | Reached skill level 5 in Dodging
  3310 | D:5      | Entered Level 5 of the Dungeon
  3319 | D:5      | Reached skill level 5 in Fighting
  3363 | D:5      | Noticed an ice beast
  3385 | D:5      | Killed an ice beast
  3386 | D:5      | Reached XP level 7. HP: 22/56 MP: 7/7
  3523 | D:5      | Found a hide-covered altar of Uskayaw.
  3544 | D:5      | Became a worshipper of Uskayaw the Reveller
  3608 | D:5      | Reached * piety under Uskayaw
  3615 | D:5      | Reached ** piety under Uskayaw
  3621 | D:5      | Reached *** piety under Uskayaw
  3837 | D:5      | Reached skill level 1 in Invocations
  4082 | D:5      | Found a stormy altar of Qazlal.
  4160 | D:5      | Reached XP level 8. HP: 49/64 MP: 9/9
  4664 | D:6      | Reached skill level 2 in Invocations
  4884 | D:6      | Identified 2 scrolls of acquirement
  4884 | D:6      | Acquired a +2 scimitar of electrocution
  4888 | D:6      | Noticed brknglss's ghost (novice DjFE)
  4889 | D:6      | Acquired 611 gold pieces
  4899 | D:6      | Found a runed translucent door.
  4950 | D:6      | Found a staircase to the Ecumenical Temple.
  5217 | D:6      | Reached skill level 3 in Invocations
  5509 | D:6      | Found Buuruaj's Antique Armour Emporium.
  5517 | D:6      | Bought a steaming scale mail for 171 gold pieces
  5517 | D:6      | Identified the +4 scale mail of Yggut {-Cast rN++ Will+}
                  | (You bought it in a shop on level 6 of the Dungeon)
  5539 | D:6      | Found a sacrificial altar of Ru.
  5775 | D:6      | Reached XP level 9. HP: 72/72 MP: 11/11
  5910 | D:7      | Reached skill level 5 in Stealth
  6596 | D:8      | Reached skill level 1 in Shields
  6621 | D:8      | Reached **** piety under Uskayaw
  6622 | D:8      | Reached skill level 4 in Invocations
  6776 | D:8      | Found a staircase to the Lair.
  6806 | D:8      | Noticed Joseph
  6811 | D:8      | Killed Joseph
  6887 | D:8      | Noticed Pikel
  6899 | D:8      | Killed Pikel
  6900 | D:8      | Reached skill level 5 in Invocations
  6900 | D:8      | Reached XP level 10. HP: 70/80 MP: 13/13
  6922 | D:8      | Noticed Erica
  6935 | D:8      | Killed Erica
  6965 | D:8      | Found Uttoe's Jewellery Boutique.
  7124 | D:8      | Found an ancient bone altar of Kikubaaqudgha.
  7298 | D:9      | Noticed Maggie
  7312 | D:9      | Killed Maggie
  7545 | D:8      | Reached skill level 5 in Throwing
  7589 | D:9      | Reached skill level 6 in Invocations
  7814 | D:9      | Reached skill level 10 in Long Blades
  7823 | D:9      | Reached ***** piety under Uskayaw
  7998 | D:9      | Noticed a white ugly thing
  8005 | D:9      | Killed a white ugly thing
  8006 | D:9      | Reached skill level 5 in Shields
  8144 | D:9      | Reached skill level 7 in Invocations
  8178 | D:9      | Found an opulent altar of Gozag.
  8178 | D:9      | Found a blossoming altar of Fedhas.
  8180 | D:9      | Noticed a two-headed ogre
  8180 | D:9      | Noticed an eight-headed hydra
  8182 | D:9      | Found a transporter.
  8186 | D:9      | Reached XP level 11. HP: 86/86 MP: 16/16
  8201 | D:9      | Found a transporter.
  8441 | D:9      | Found a runed translucent door.
  8487 | D:9      | Noticed SirDiesAlot's ghost (journeyman TeAE)
  8572 | D:10     | Entered Level 10 of the Dungeon
  8584 | D:10     | Noticed a sixfirhy
  8590 | D:10     | Killed a sixfirhy
  8591 | D:10     | Reached skill level 8 in Invocations
  8806 | D:10     | Noticed a soul eater
  8858 | D:10     | Noticed a sun demon
  8915 | Lair:1   | Entered Level 1 of the Lair of Beasts
  9103 | Lair:1   | Reached skill level 9 in Invocations
  9630 | Lair:1   | Reached skill level 10 in Invocations
  9866 | Lair:1   | Reached skill level 11 in Invocations
  9866 | Lair:1   | Reached XP level 12. HP: 91/92 MP: 18/20
 10066 | Lair:1   | Reached skill level 12 in Invocations
 10964 | Lair:2   | Found a staircase to the Shoals.
 10976 | Lair:2   | Reached skill level 13 in Invocations
 11060 | Lair:2   | Reached skill level 14 in Invocations
 11066 | Lair:2   | Reached ****** piety under Uskayaw
 11874 | Lair:3   | Noticed Kirke
 11891 | Lair:3   | Reached XP level 13. HP: 99/99 MP: 24/24
 11907 | Lair:3   | Killed Kirke
 11939 | Lair:3   | Reached skill level 15 in Invocations
 11999 | Lair:3   | Found a hole to the Spider Nest.
 12258 | Lair:3   | Identified the +1 robe "Nion" {Will++}
 13046 | Lair:3   | Acquired a +4 double sword of protection
 13194 | Spider:1 | Entered Level 1 of the Spider Nest
 13364 | Lair:4   | Reached skill level 10 in Fighting
 13532 | Lair:4   | Noticed Sonja
 13555 | Lair:4   | Mangled by Sonja

Illustrated notes

Levels and vault maps discovered:
D:1:      lemuel_arrival_rhombus, layout_loops_ring,
          kennysheep_decorative_pillar
D:2:      layout_loops_ring, serial_shops, nicolae_shop_stone, uniq_sigmund
D:3:      layout_loops_corners, tgw_trog
D:4:      wander_river, layout_basic
D:5:      layout_basic, grunt_qazlal_sundering, old_standard_altar,
          corner_web_ring
D:6:      kennysheep_six_static_rooms, layout_gridville,
          mainiacjoe_overflow_six_doors_small, minmay_temple_entry_trees,
          serial_shops, shop, hellmonk_ghost_happy_afterlife, st_stairs_5
D:7:      layout_loops_ring
D:8:      layout_basic, tgw_kikubaaqudgha, dpeg_oklobed_lair,
          minmay_shop_enchanted_jewellery, nicolae_water_bricks, uniq_pikel,
          uniq_erica, uniq_joseph
D:9:      layout_rooms, gammafunk_temple_overflow_arena,
          ebering_ghost_reflecting_pool, roderic_serpentine_path,
          kennysheep_pointless_box, grunt_decor_fettered, uniq_maggie
D:10:     layout_irregular_city, grunt_temple_overflow_champion_of_chaos,
          nicolae_wu_jian_immortal_techniques, serial_demonic, serial_demonic_f,
          serial_demonic_c, serial_demonic_a, serial_demonic_f,
          serial_demonic_a, serial_demonic_d, serial_demonic_c, enter_bailey_5,
          chequers_serial_rivers_room_a, glass_columns_b, uniq_fannar,
          uniq_maurice, uniq_grum
Lair:1:   layout_regular_city
Lair:2:   layout_hall_layers, elwin_shoals_entry_rooms,
          nicolae_volcano_entry_hallway, columned_hall_lemuel
Lair:3:   layout_loops_ring, hellmonk_spider_entry_life_and_decay,
          beast_lair_carwin_5, uniq_kirke
Lair:4:   layout_cave_shapes, nicolae_slime_entry_slimehenge, uniq_sonja
Spider:1: layout_spider_delve, nicolae_spider_undead_wolf_pack

Skill      XL: |  1  2  3  4  5  6  7  8  9 10 11 12 13 |
---------------+----------------------------------------+-----
Long Blades    | 4 5 6 7 8 9 10 12 | 12.2
Fighting       | 3 4 5 6 7 8 10 | 10.4
Stealth        | 1 2 3 4 6 |  6.0
Dodging        | 5 6 8 |  8.0
Invocations    | 1 3 5 7 11 14 15 | 15.8
Shields        | 3 5 8 |  8.0
Throwing       | 4 6 |  6.0

Action                   |  1- 3 |  4- 6 |  7- 9 | 10-12 | 13-15 || total
-------------------------+-------+-------+-------+-------+-------++-------
Melee: Long sword        |   111 |   226 |   131 |       |       ||   468
       Punch             |       |     1 |     2 |       |       ||     3
       Tailslap          |       |     1 |       |     4 |       ||     5
       Scimitar          |       |       |   131 |   462 |   120 ||   713
       Double sword      |       |       |       |       |    62 ||    62
Throw: Javelin           |       |       |     1 |       |       ||     1
       Dart              |       |       |       |       |     8 ||     8
Invok: Stomp             |       |       |       |     8 |     5 ||    13
       Line Pass         |       |       |       |       |     1 ||     1
  Use: Potion            |     3 |     1 |       |     3 |     1 ||     8
       Scroll            |       |     6 |     9 |    12 |     1 ||    28
 Stab: Sleeping          |     3 |     2 |     6 |     3 |       ||    14
       Invisible         |     2 |       |       |       |       ||     2
       Paralysed         |       |       |     5 |    30 |    17 ||    52
       Distracted        |       |       |     1 |     1 |       ||     2
       Confused          |       |       |       |       |     1 ||     1
Armor: Leather armour    |    16 |       |       |       |       ||    16
       Ring mail         |    10 |    77 |    59 |       |       ||   146
       Scale mail        |       |       |    29 |   143 |    61 ||   233
Dodge: Dodged            |    82 |   163 |   183 |   220 |   100 ||   748
Block: Buckler           |       |       |    29 |   245 |   113 ||   387
       Other             |       |       |     1 |       |       ||     1
       Reflection        |       |       |       |     1 |     2 ||     3

Table legend: (Time is in decaauts)
 A = Elapsed time spent in this place.
 B = Non-inter-level travel time spent in this place.
 C = Inter-level travel time spent in this place.
 D = Time resting spent in this place.
 E = Time spent auto-exploring this place.
 F = Levels seen in this place.
 G = Mean time per level.
                   A        B        C        D        E       F      G
               +--------+--------+--------+--------+--------+-----+--------+
         Total |  13512 |  12920 |    592 |    901 |   7805 |  15 |  900.8 |
       Dungeon |   9069 |   8598 |    471 |    761 |   4891 |  10 |  906.9 |
          Lair |   4441 |   4321 |    120 |    140 |   2914 |   4 | 1110.2 |
   Spider Nest |      1 |      1 |      0 |      0 |      0 |   1 |    1.0 |
               +--------+--------+--------+--------+--------+-----+--------+

Top non-repeatable levels by time:
  Lair:1: 1559 daAuts
  Lair:3: 1491 daAuts
     D:8: 1431 daAuts
     D:6: 1404 daAuts
  Lair:2: 1177 daAuts
     D:5: 1142 daAuts
     D:3: 1089 daAuts
     D:9: 995 daAuts
     D:4: 978 daAuts
     D:1: 836 daAuts
     D:7: 618 daAuts
     D:2: 466 daAuts
  Lair:4: 213 daAuts
    D:10: 106 daAuts
Spider:1: 1 daAuts
